[Event "Team 45 45 League T56"]
[Site "Internet Chess Club"]
[Date "2013.03.31"]
[Round "6"]
[White "jjaillet2007"]
[Black "smsxman"]
[Result "1-0"]
[WhiteElo "1449"]
[BlackElo "1448"]
[Opening "QGD: exchange, positional line"]
[ECO "D35"]
[Time "11:00:48"]
[TimeControl "2700+45"]

1. d4 d5 2. c4 Nf6 3. Nc3 e6 4. cxd5 exd5 5. Bg5 Be7 6. e3 Nc6 7. Bd3 O-O 8. Nf3
Bg4 9. h3 Bh5 10. O-O Qe8 11. a3 a6 12. Re1 b5 13. Rc1 b4 14. axb4 Nxb4 15. Bb1
c5 16. e4 cxd4 17. Bxf6 Bxf6 18. Nxd5 Nxd5 19. exd5 Qd8 20. Qd3 Bg6 21. Qc4 Bxb1
22. Rxb1 Qc8 23. Rbc1 Qxc4 24. Rxc4 d3 25. b4 Rfc8 26. Rxc8+ Rxc8 27. Rd1 Bc3
28. Rxd3 Bxb4 29. d6 Rd8 30. d7 Kf8 31. Ne5 a5 32. Nc6 Be7 33. Nxd8 Bxd8 34. Kf1
Ke7 35. Ke2 f5 36. Ke3 g5 37. f4 h6 38. g4 Bb6+ 39. Kf3 fxg4+ 40. hxg4 gxf4 41.
Kxf4 Bc7+ 42. Kf5 a4 43. Kg6 a3 44. Rxa3 Kxd7 45. Kxh6 Bf4+ 46. Kg6 Kd6 47. Rf3
Ke5 48. g5 Bc1 49. Kh5 Ke4 50. g6 Bb2 51. Rf7 Ke5 52. g7 {Black resigns} 1-0

[Event "Team 45 45 League T56"]
[Site "Internet Chess Club"]
[Date "2013.03.28"]
[Round "6"]
[White "Toalla"]
[Black "Aquaman"]
[Result "0-1"]
[WhiteElo "1396"]
[BlackElo "1337"]
[Opening "QP counter-gambit (elephant gambit)"]
[ECO "C40"]
[Time "15:00:43"]
[TimeControl "2700+45"]

1. e4 e5 2. Nf3 d5 3. Nxe5 Bd6 4. d4 Nf6 5. Bg5 Nbd7 6. Bd3 dxe4 7. Bxe4 O-O 8.
O-O Nxe5 9. dxe5 Bxe5 10. Bxf6 Qxf6 11. c3 Qh4 12. Bxh7+ Qxh7 13. g3 b6 14. Qf3
Rb8 15. Re1 Bd6 16. Nd2 Bb7 17. Qg4 Bd5 18. h4 Be6 19. Qf3 Qf5 20. Kg2 Qxf3+ 21.
Nxf3 Bd5 22. b3 Bxf3+ 23. Kxf3 Rbe8 24. c4 Rxe1 25. Rxe1 Bc5 26. h5 Rd8 27. Re2
Rd3+ 28. Ke4 Rd4+ 29. Kf3 Kh7 30. g4 Bd6 31. Ke3 Rxg4 32. Kf3 Rg5 {White
resigns} 0-1

[Event "Team 45 45 League T56"]
[Site "Internet Chess Club"]
[Date "2013.03.28"]
[Round "6"]
[White "drsigmund1"]
[Black "ILRE"]
[Result "1-0"]
[WhiteElo "1632"]
[BlackElo "1597"]
[Opening "Queen's bishop game"]
[ECO "D02"]
[Time "20:00:37"]
[TimeControl "2700+45"]

1. d4 Nf6 2. Nf3 d5 3. Bf4 c5 4. c3 Qb6 5. Qb3 Nc6 6. Nbd2 c4 7. Qc2 g6 8. e3
Bf5 9. Qc1 Bg7 10. h3 O-O 11. Be2 Rfe8 12. O-O Qd8 13. b3 b5 14. Ne5 Nxe5 15.
Bxe5 Nd7 16. Bxg7 Kxg7 17. f4 Nf6 18. Qe1 h5 19. Nf3 Be4 20. Nh4 Rh8 21. f5 g5
22. Qg3 Kh6 23. Nf3 Rg8 24. Ne5 Rg7 25. Bf3 Qg8 26. Qh2 Rc8 27. bxc4 bxc4 28. g4
h4 29. Qb2 Rb8 30. Qa3 Rb7 31. Bxe4 Nxe4 32. Qa6+ Rb6 33. Qxa7 Qd8 34. Rfb1
Rxb1+ 35. Rxb1 f6 36. Rb8 Qd6 37. Rh8+ Rh7 38. Nf7+ {Black resigns} 1-0

[Event "Team 45 45 League T56"]
[Site "Internet Chess Club"]
[Date "2013.04.01"]
[Round "6"]
[White "Gilguli"]
[Black "SirIvanhoe"]
[Result "0-1"]
[WhiteElo "1363"]
[BlackElo "1509"]
[Opening "QGD Slav: exchange variation"]
[ECO "D13"]
[Time "14:15:35"]
[TimeControl "2700+45"]

1. d4 d5 2. Nf3 Nf6 3. c4 c6 4. cxd5 cxd5 5. Nc3 Nc6 6. Bg5 Ne4 7. Bh4 Qb6 8.
Rb1 e6 9. a3 Qa5 10. Qc2 Nxc3 11. Qxc3 Be7 12. Bxe7 Kxe7 13. Qxa5 Nxa5 14. e3
Bd7 15. b4 Nc6 16. b5 Na5 17. a4 Rac8 18. Bd3 Rc3 19. Kd2 Rhc8 20. Rhd1 h6 21.
Ng1 Nb3+ 22. Ke1 Na5 23. Kd2 Nb3+ 24. Ke1 Na5 25. Ra1 Nb3 26. Ra3 Na5 27. Rxc3
Rxc3 28. Kd2 Rc8 29. Ne2 Nc4+ 30. Kc3 Nxe3+ {White resigns} 0-1

[Event "Team 45 45 League T56"]
[Site "Internet Chess Club"]
[Date "2013.03.29"]
[Round "6"]
[White "arnx813"]
[Black "wildangels"]
[Result "1-0"]
[WhiteElo "1301"]
[BlackElo "1080"]
[Opening "French: exchange variation"]
[ECO "C01"]
[Time "20:00:40"]
[TimeControl "2700+45"]

1. e4 e6 2. d4 d5 3. exd5 exd5 4. Bd3 Nf6 5. Nf3 Bd6 6. Be3 O-O 7. O-O c6 8. c3
Be6 9. Nbd2 Nbd7 10. b4 b5 11. a4 Qc8 12. Qc1 Ng4 13. h3 Nxe3 14. fxe3 Nf6 15.
axb5 cxb5 16. Bxb5 Qc7 17. Ra6 Bg3 18. Nb3 Rab8 19. Bd3 Ne4 20. Nc5 Bf5 21. Bxe4
dxe4 22. Ng5 Bh2+ 23. Kh1 Rbd8 24. Rxf5 g6 25. Rf1 Rd5 26. Ngxe4 Re8 27. Nf6+
Kf8 28. Nxd5 Qg3 29. Rf3 Qb8 30. Nd7+ Kg7 31. Nxb8 Bxb8 32. c4 Rc8 33. Raf6
{Black resigns} 1-0

[Event "Team 45 45 League T56"]
[Site "Internet Chess Club"]
[Date "2013.03.30"]
[Round "6"]
[White "Sir-Sinister"]
[Black "IshanR"]
[Result "1-0"]
[WhiteElo "2028"]
[BlackElo "1792"]
[Opening "English opening"]
[ECO "A13"]
[Time "20:08:38"]
[TimeControl "2700+45"]

1. c4 e6 2. Nc3 d5 3. Nf3 Nf6 4. cxd5 exd5 5. d4 c5 6. e3 Nc6 7. Be2 a6 8. O-O
Bd6 9. dxc5 Bxc5 10. Qc2 Ba7 11. Rd1 O-O 12. a3 Re8 13. b4 Bg4 14. h3 Bh5 15. b5
Na5 16. bxa6 bxa6 17. Qa2 d4 18. Nxd4 Bxd4 19. Rxd4 Qc7 20. Bxh5 Qxc3 21. Bxf7+
{Black resigns} 1-0

[Event "Team 45 45 League T56"]
[Site "Internet Chess Club"]
[Date "2013.03.28"]
[Round "6"]
[White "Magagna"]
[Black "Inquisiteur"]
[Result "0-1"]
[WhiteElo "1813"]
[BlackElo "1747"]
[Opening "Nimzo-Indian: Spielmann variation"]
[ECO "E22"]
[Time "19:04:21"]
[TimeControl "2700+45"]

1. d4 Nf6 2. c4 e6 3. Nc3 Bb4 4. Qb3 c5 5. Nf3 d5 6. e3 Nc6 7. a3 Bxc3+ 8. bxc3
O-O 9. cxd5 exd5 10. dxc5 Ne4 11. Bd3 Nxc5 12. Qc2 h6 13. O-O Re8 14. Rd1 Bg4
15. Be2 Qd7 16. Nd4 Bxe2 17. Nxe2 Rad8 18. c4 Qe6 19. Nf4 Qe4 20. Qxe4 dxe4 21.
Bb2 Na5 22. Bd4 b6 23. Bxc5 bxc5 24. Rd5 Rxd5 25. cxd5 Nb7 26. Ne2 Nd6 27. Rb1
f5 28. Nc3 Rd8 29. a4 g5 30. Kf1 Kf7 31. Ke2 Kf6 32. f4 exf3+ 33. gxf3 Ke5 34.
Kd3 g4 35. fxg4 fxg4 36. Rg1 Rg8 37. Rf1 h5 38. Ne2 h4 39. Nf4 c4+ 40. Ke2 Ke4
41. Ng2 h3 42. Ne1 Kxd5 43. Nc2 g3 44. hxg3 Rxg3 45. Nd4 Rg2+ 46. Kf3 Ne4 47.
Rh1 Rf2+ 48. Kg4 h2 49. Nf3 c3 50. Nxh2 Kc4 51. Nf3 Kd3 52. Ne5+ Kc2 53. Nc4 Kb3
54. Na5+ Kxa4 55. Nc6 c2 56. Nxa7 Rd2 57. Rc1 Nf2+ 58. Kf3 Nd3 59. Ra1+ Kb3 60.
Nb5 c1=Q 61. Nd4+ Kc4 {White resigns} 0-1

[Event "Team 45 45 League T56"]
[Site "Internet Chess Club"]
[Date "2013.04.02"]
[Round "6"]
[White "knightstormala"]
[Black "ILRE"]
[Result "1/2-1/2"]
[WhiteElo "1774"]
[BlackElo "1604"]
[Opening "QGD: 4.Bg5 Be7"]
[ECO "D53"]
[Time "20:01:21"]
[TimeControl "2700+45"]

1. c4 e6 2. d4 d5 3. Nc3 Nf6 4. Bg5 Be7 5. cxd5 exd5 6. Qc2 c6 7. e3 Nbd7 8. Bd3
O-O 9. Nge2 Re8 10. O-O Nf8 11. f3 Nh5 12. Bxe7 Qxe7 13. e4 dxe4 14. fxe4 Nf6
15. e5 Nd5 16. Nxd5 cxd5 17. Ng3 g6 18. Qd2 Ne6 19. Bb5 Bd7 20. Bxd7 Qxd7 21.
Rac1 Rac8 22. Nh1 Rxc1 23. Rxc1 Rc8 24. Rf1 Rc7 25. Nf2 {Game drawn by mutual
agreement} 1/2-1/2

[Event "Team 45 45 League T56"]
[Site "Internet Chess Club"]
[Date "2013.03.29"]
[Round "6"]
[White "FourKnights"]
[Black "kidcobra"]
[Result "1/2-1/2"]
[WhiteElo "1763"]
[BlackElo "1750"]
[Opening "King's Indian: Makagonov system (5.h3)"]
[ECO "E71"]
[Time "16:36:57"]
[TimeControl "2700+45"]

1. d4 Nf6 2. c4 g6 3. Nc3 Bg7 4. e4 d6 5. h3 O-O 6. Nf3 Nbd7 7. Be2 e5 8. dxe5
Nxe5 9. Nxe5 dxe5 10. Qxd8 Rxd8 11. Bg5 Be6 12. Nd5 Bxd5 13. exd5 c6 14. dxc6
bxc6 15. Rb1 Rd7 16. O-O h6 17. Bxf6 Bxf6 18. Rfd1 Rad8 19. Rxd7 Rxd7 20. Rd1
Rxd1+ 21. Bxd1 Kf8 22. Kf1 Ke7 23. Ke2 Kd6 24. Kd3 Bg7 25. b4 a6 {Game drawn by
mutual agreement} 1/2-1/2

[Event "Team 45 45 League T56"]
[Site "Internet Chess Club"]
[Date "2013.03.30"]
[Round "6"]
[White "RamRock"]
[Black "pishd"]
[Result "1-0"]
[WhiteElo "1854"]
[BlackElo "1802"]
[Opening "Caro-Kann: exchange variation"]
[ECO "B13"]
[Time "12:16:15"]
[TimeControl "2700+45"]

1. e4 c6 2. d4 d5 3. exd5 cxd5 4. Bd3 Nc6 5. c3 Nf6 6. h3 g6 7. Nf3 Bg7 8. O-O
O-O 9. Bf4 Bf5 10. Ne5 Bxd3 11. Qxd3 e6 12. Nd2 Rc8 13. Ndf3 Qa5 14. Nxc6 bxc6
15. Be5 Qb5 16. Qxb5 cxb5 17. Nd2 b4 18. cxb4 Rc2 19. Nb3 Rfc8 20. Rfc1 Rxc1+
21. Rxc1 Rxc1+ 22. Nxc1 Bh6 23. Bxf6 Bxc1 24. b3 Ba3 25. Be7 a5 26. bxa5 {Black
resigns} 1-0

[Event "Team 45 45 League T56"]
[Site "Internet Chess Club"]
[Date "2013.03.30"]
[Round "6"]
[White "timothysmall56"]
[Black "toukon"]
[Result "0-1"]
[WhiteElo "1616"]
[BlackElo "1744"]
[Opening "Sicilian: Canal-Sokolsky attack, 3...Bd7"]
[ECO "B52"]
[Time "21:26:38"]
[TimeControl "2700+45"]

1. e4 c5 2. Nf3 d6 3. Bb5+ Bd7 4. Qe2 Nc6 5. Nc3 Nf6 6. O-O g6 7. d3 Bg7 8. Re1
O-O 9. Bd2 a6 10. Bxc6 Bxc6 11. Rad1 Re8 12. a4 Qc7 13. h3 b5 14. axb5 axb5 15.
Bg5 b4 16. Nb1 Ra2 17. c3 Nd7 18. d4 Qb7 19. Bc1 Nf6 20. d5 Bd7 21. Nbd2 bxc3
22. bxc3 Ba4 23. Qc4 Ra1 24. Qd3 Bxd1 25. Rxd1 Nd7 26. Nc4 Qb3 27. e5 dxe5 28.
Re1 e4 29. Qxe4 Qxc3 30. Bd2 Rxe1+ 31. Bxe1 Qc1 32. Nd6 Nf6 {White resigns} 0-1

[Event "Team 45 45 League T56"]
[Site "Internet Chess Club"]
[Date "2013.04.02"]
[Round "6"]
[White "Buford-Julep"]
[Black "Innes"]
[Result "0-1"]
[WhiteElo "1680"]
[BlackElo "1701"]
[Opening "Queen's pawn game"]
[ECO "E10"]
[Time "16:01:13"]
[TimeControl "2700+45"]

1. Nf3 e6 2. c4 Nf6 3. d4 b5 4. cxb5 a6 5. e3 axb5 6. Bxb5 Bb7 7. O-O Bd6 8. Nc3
O-O 9. Re1 Ne4 10. Nxe4 Bxe4 11. Bd3 f5 12. Qc2 Bxf3 13. gxf3 Qh4 14. f4 Qg4+
15. Kh1 Qf3+ 16. Kg1 Rf6 17. Qe2 Rg6+ 18. Kf1 Qh1# {White checkmated} 0-1

[Event "Team 45 45 League T56"]
[Site "Internet Chess Club"]
[Date "2013.03.29"]
[Round "6"]
[White "Packerfan"]
[Black "LazyPeon"]
[Result "1/2-1/2"]
[WhiteElo "1840"]
[BlackElo "1757"]
[Opening "Evans gambit: Cordel variation"]
[ECO "C51"]
[Time "15:47:34"]
[TimeControl "2700+45"]

1. e4 e5 2. Nf3 Nc6 3. Bc4 Bc5 4. b4 Bxb4 5. c3 Be7 6. d4 Na5 7. Bd3 d6 8. O-O
Nf6 9. dxe5 dxe5 10. Nxe5 O-O 11. Qa4 c6 12. Rd1 Qc7 13. Nf3 Be6 14. Bg5 h6 15.
Bh4 b5 16. Qc2 Nc4 17. Bg3 Qb6 18. Nd4 Bc5 19. Nxe6 fxe6 20. Bxc4 bxc4 21. Nd2
Ng4 22. Nxc4 Bxf2+ 23. Bxf2 Qxf2+ 24. Qxf2 Nxf2 25. Rd6 Nxe4 26. Rxe6 Nxc3 27.
Rxc6 Ne2+ 28. Kh1 Rac8 29. Ne5 Rxc6 30. Nxc6 Nc3 31. Kg1 Ne2+ 32. Kh1 Nc3 33. g3
Rf6 {Game drawn by mutual agreement} 1/2-1/2

[Event "Team 45 45 League T56"]
[Site "Internet Chess Club"]
[Date "2013.03.29"]
[Round "6"]
[White "pauliewoll"]
[Black "amicusUK"]
[Result "1/2-1/2"]
[WhiteElo "1576"]
[BlackElo "1636"]
[Opening "Caro-Kann: Tartakower (Nimzovich) variation"]
[ECO "B15"]
[Time "11:00:55"]
[TimeControl "2700+45"]

1. e4 c6 2. d4 d5 3. Nc3 dxe4 4. Nxe4 Nf6 5. Nxf6+ exf6 6. Nf3 Bd6 7. Be2 O-O 8.
O-O Bg4 9. Be3 Qc7 10. h3 Bh5 11. Qd2 Nd7 12. c4 Qd8 13. Rfe1 Re8 14. Nh4 Bxe2
15. Rxe2 Bf8 16. Rae1 Nb6 17. b3 a5 18. c5 Nd5 19. Nf5 Qd7 20. g4 Re6 21. Bf4
Nxf4 22. Qxf4 Rae8 23. Rxe6 fxe6 24. Ng3 e5 25. dxe5 Rxe5 26. Rxe5 fxe5 27. Qxe5
Qd5 28. Qxd5+ cxd5 29. Kf1 Bxc5 30. Ke2 Kf7 31. f4 Bd6 {Game drawn by mutual
agreement} 1/2-1/2

[Event "Team 45 45 League T56"]
[Site "Internet Chess Club"]
[Date "2013.04.01"]
[Round "6"]
[White "stanbeers"]
[Black "nosir"]
[Result "1/2-1/2"]
[WhiteElo "1516"]
[BlackElo "1462"]
[Opening "Queen's pawn game"]
[ECO "E20"]
[Time "20:13:25"]
[TimeControl "2700+45"]

1. d4 Nf6 2. c4 e6 3. Nc3 Be7 4. Nf3 b6 5. e3 Bb7 6. Be2 d5 7. O-O Nbd7 8. cxd5
Nxd5 9. Bd2 O-O 10. Qc2 Nxc3 11. bxc3 Nf6 12. a4 a5 13. Qd1 Ne4 14. Be1 Rc8 15.
Ne5 Bg5 16. Nf3 Be7 17. Rc1 Ba3 18. Rc2 Bc6 19. Ra2 Be7 20. Ne5 Bb7 21. Bd2 Bf6
22. Nf3 Re8 23. Rc2 e5 24. Bc1 exd4 25. cxd4 Bd5 26. Bc4 Bxc4 27. Rxc4 Qd5 28.
Rc2 Be7 29. Bb2 Red8 30. Qc1 Bd6 31. Qa1 h6 32. Rfc1 f6 33. Ba3 c5 34. dxc5 Nxc5
35. Bxc5 bxc5 36. h3 Be7 37. Rd2 Qb7 38. Rdc2 Bd6 39. Qa2+ Qf7 40. Rc4 Kf8 41.
Qc2 Rd7 42. Nh4 Kg8 43. Nf5 Bf8 44. Qe2 Rcd8 45. Qg4 Kh8 46. Kh2 Qd5 47. Nh4 Rc7
48. Ng6+ Kg8 49. Nf4 Qd6 50. Qe6+ Kh7 51. g3 Rdc8 52. Qf5+ Kg8 53. Qg4 Rc6 54.
Rd1 Qe7 55. Ng6 Qf7 56. Nxf8 Qxf8 57. Rd7 R8c7 58. Qd1 Rxd7 59. Qxd7 Qc8 60. Qd2
Qc7 61. Qd5+ Kf8 62. Qh5 Qe7 63. Qf3 Qc7 {Game drawn by mutual agreement}
1/2-1/2

[Event "Team 45 45 League T56"]
[Site "Internet Chess Club"]
[Date "2013.03.31"]
[Round "6"]
[White "xt"]
[Black "otherook"]
[Result "0-1"]
[WhiteElo "1684"]
[BlackElo "1770"]
[Opening "Philidor: Improved Hanham variation"]
[ECO "B07"]
[Time "14:14:26"]
[TimeControl "2700+45"]

1. e4 d6 2. d4 Nf6 3. Nc3 e5 4. Nf3 Nbd7 5. h3 Be7 6. Be3 O-O 7. Bc4 c6 8. a4
Qc7 9. O-O b6 10. d5 cxd5 11. Bxd5 Nxd5 12. Nxd5 Qd8 13. Qd2 Nf6 14. Nxf6+ Bxf6
15. Rfd1 Be7 16. Bg5 Bxg5 17. Nxg5 Qf6 18. Nf3 Bxh3 19. Qxd6 Bg4 20. Qxf6 gxf6
21. Rd6 Be6 22. Rad1 Rac8 23. c3 Rc4 24. a5 bxa5 25. Nd2 Rc7 26. Nf1 Rb8 27.
Rd8+ Rxd8 28. Rxd8+ Kg7 29. Ne3 Rb7 30. Rd2 Rd7 31. Rxd7 Bxd7 32. Nc4 a4 33. Nd6
Kf8 34. f3 Ke7 35. Nf5+ Bxf5 36. exf5 Kd6 37. Kf2 Kc5 38. Ke3 Kc4 39. Kd2 Kb3
40. Kc1 h5 41. Kb1 h4 42. Kc1 a3 43. bxa3 Kxc3 {White resigns} 0-1

[Event "Team 45 45 League T56"]
[Site "Internet Chess Club"]
[Date "2013.03.29"]
[Round "6"]
[White "crazyhorses"]
[Black "AVEMARIA"]
[Result "0-1"]
[WhiteElo "1385"]
[BlackElo "1625"]
[Opening "French: King's Indian attack"]
[ECO "C00"]
[Time "17:01:10"]
[TimeControl "2700+45"]

1. e4 e6 2. d3 d5 3. Nd2 b6 4. Ngf3 Bb7 5. g3 Nf6 6. Qe2 dxe4 7. Nxe4 Nxe4 8.
dxe4 Ba6 9. Qe3 Bc5 10. Qf4 Bxf1 11. Kxf1 O-O 12. Be3 Bxe3 13. Qxe3 c5 14. Kg2
Qc7 15. Rad1 Nc6 16. c3 Rad8 17. Rhe1 h6 18. e5 Ne7 19. Qe4 Qc6 20. Qxc6 Nxc6
21. Rd6 Rxd6 22. exd6 Rd8 23. Rd1 Rd7 24. a4 f6 25. h4 Kf7 26. h5 Na5 27. b4 Nc4
28. Nh4 Rxd6 29. Rxd6 Nxd6 30. Ng6 Ne4 31. Kf3 Nxc3 32. bxc5 bxc5 33. a5 c4 34.
Ke3 e5 35. f3 Nd5+ 36. Kd2 Ke8 37. Nh4 Kd7 38. Nf5 Kc6 39. Nxg7 Ne7 40. Kc3 Kb5
41. Ne8 Nd5+ 42. Kc2 Kxa5 43. Ng7 Ne7 {White resigns} 0-1

[Event "Team 45 45 League T56"]
[Site "Internet Chess Club"]
[Date "2013.03.31"]
[Round "6"]
[White "Kingofknights"]
[Black "nursey"]
[Result "1-0"]
[WhiteElo "1669"]
[BlackElo "1612"]
[Opening "QGD: 4.Bg5 Be7, 5.e3 O-O"]
[ECO "D53"]
[Time "16:01:41"]
[TimeControl "2700+45"]

1. d4 d5 2. c4 e6 3. Nc3 Nf6 4. Bg5 Be7 5. e3 O-O 6. Qc2 c5 7. cxd5 cxd4 8. exd4
Nxd5 9. Bxe7 Nxe7 10. Bd3 g6 11. Nge2 Nbc6 12. Rd1 Nxd4 13. Nxd4 Qxd4 14. O-O
Qf4 15. Rfe1 b6 16. Be4 Rb8 17. Qe2 a6 18. Bf3 Nf5 19. g3 Qg5 20. Qc4 Rd8 21.
Qc7 Rxd1 22. Rxd1 Nh4 23. Bg2 Nxg2 24. Kxg2 Bb7+ 25. f3 Bxf3+ 26. Kxf3 Qf5+ 27.
Kg2 Qc2+ 28. Kg1 Re8 29. Qxb6 f6 30. Qf2 Qxf2+ 31. Kxf2 Kf7 32. Rd6 a5 33. Ra6
Rb8 34. b3 Rc8 35. Ne2 Rc5 36. Ra7+ Kg8 37. a4 e5 38. Rb7 f5 39. Rb5 Rc2 40.
Rxe5 Rb2 41. Rb5 Kf7 42. h4 Ke6 43. Kf3 Kd6 44. Nd4 Rd2 45. Ke3 Rg2 46. Ne2 f4+
47. gxf4 Rh2 48. Rxa5 Rh3+ 49. Ke4 Rxb3 50. Ra6+ Kc5 51. Rc6+ Kb4 52. Rb6+ Kxa4
53. Rxb3 Kxb3 54. Nd4+ Kc4 55. Ne6 h6 56. Nf8 {Black resigns} 1-0

[Event "Team 45 45 League T56"]
[Site "Internet Chess Club"]
[Date "2013.04.02"]
[Round "6"]
[White "caglar"]
[Black "tightfist"]
[Result "1-0"]
[WhiteElo "1500"]
[BlackElo "1588"]
[Opening "Old Benoni: Franco-Benoni defense"]
[ECO "C01"]
[Time "11:01:46"]
[TimeControl "2700+45"]

1. e4 e6 2. d4 c5 3. d5 exd5 4. exd5 d6 5. Nf3 Be7 6. Bb5+ Nd7 7. O-O Nf6 8. Nc3
O-O 9. Re1 a6 10. Bf1 b5 11. Bg5 Re8 12. Qd2 Bb7 13. Ne4 Nxe4 14. Rxe4 Bxg5 15.
Rxe8+ Qxe8 16. Qxg5 Qe4 17. Re1 Qxd5 18. Qe7 Nf6 19. c4 bxc4 20. Bxc4 Qxc4 21.
Qxb7 Qd5 22. Qxd5 Nxd5 23. Rd1 Nb4 24. a3 Nc6 25. Rxd6 Na5 26. Nd2 Kf8 27. Rb6
c4 28. Kf1 Ke7 29. Ne4 h6 30. Nc5 c3 31. bxc3 Rc8 32. Ne4 f5 33. Ng3 Rxc3 34.
Nxf5+ Kf8 35. Rxa6 Nc4 36. a4 Nb2 37. Ra8+ Kf7 38. Ra7+ Kf6 39. Nxg7 Nxa4 40.
Ne8+ Kg5 41. Rxa4 Rc2 42. h4+ Kh5 43. Nf6+ Kg6 44. Rf4 Rc6 45. Ne4 Rc2 46. g4
Rc4 47. h5+ Kg7 48. Ke2 Ra4 49. Ke3 Kg8 50. Nf6+ {Black resigns} 1-0

[Event "Team 45 45 League T56"]
[Site "Internet Chess Club"]
[Date "2013.03.28"]
[Round "6"]
[White "fledermaus"]
[Black "bshribharath"]
[Result "1-0"]
[WhiteElo "1935"]
[BlackElo "1955"]
[Opening "Nimzo-Indian: three knights variation"]
[ECO "E21"]
[Time "11:30:42"]
[TimeControl "2700+45"]

1. d4 Nf6 2. c4 e6 3. Nc3 Bb4 4. Nf3 O-O 5. Bg5 d6 6. e3 Nbd7 7. Qb3 a5 8. a3
Bxc3+ 9. Qxc3 h6 10. Bh4 c6 11. Be2 Re8 12. O-O e5 13. b4 g5 14. Bg3 Ne4 15. Qc2
Nxg3 16. hxg3 e4 17. Nd2 Nf6 18. b5 Kg7 19. bxc6 bxc6 20. d5 c5 21. Qc3 Qe7 22.
Rab1 Bd7 23. Rb7 Kg6 24. Bd1 Qf8 25. Bc2 h5 26. Nxe4 Nxe4 27. Rxd7 f5 28. Bxe4
Rxe4 29. Rb1 {Black resigns} 1-0

[Event "Team 45 45 League T56"]
[Site "Internet Chess Club"]
[Date "2013.04.02"]
[Round "6"]
[White "Beetlejuice"]
[Black "jonesey"]
[Result "0-1"]
[WhiteElo "1755"]
[BlackElo "1829"]
[Opening "Catalan: closed, 5.Nf3"]
[ECO "E06"]
[Time "08:34:42"]
[TimeControl "2700+45"]

1. d4 Nf6 2. c4 e6 3. g3 d5 4. Nf3 Be7 5. Bg2 O-O 6. O-O dxc4 7. Qc2 a6 8. Qxc4
b5 9. Qc2 Bb7 10. Bd2 Be4 11. Qc1 Nbd7 12. Nc3 Bb7 13. Rd1 Qc8 14. Bg5 h6 15.
Bxf6 Nxf6 16. Ne5 Bxg2 17. Kxg2 Qb7+ 18. f3 c5 19. Qf4 b4 20. Ne4 Nxe4 21. Qxe4
Qxe4 22. fxe4 cxd4 23. Rxd4 Bf6 24. Nf3 Bxd4 25. Nxd4 Rfd8 26. e3 e5 27. Nc6
Rd2+ 28. Kf3 Rxb2 29. Nxe5 Rxh2 {White resigns} 0-1

[Event "Team 45 45 League T56"]
[Site "Internet Chess Club"]
[Date "2013.03.30"]
[Round "6"]
[White "gcl"]
[Black "qs16"]
[Result "0-1"]
[WhiteElo "1655"]
[BlackElo "1754"]
[Opening "Sicilian: Najdorf, Byrne (English) attack"]
[ECO "B90"]
[Time "08:02:27"]
[TimeControl "2700+45"]

1. e4 c5 2. Nf3 d6 3. d4 cxd4 4. Nxd4 Nf6 5. Nc3 a6 6. Be3 e5 7. Nb3 Be6 8. f3
Nbd7 9. Qd2 Rc8 10. O-O-O b5 11. g4 h6 12. g5 hxg5 13. Bxg5 Be7 14. f4 b4 15.
Nd5 Nxe4 16. Bxe7 Nxd2 17. Bxd8 Nxb3+ 18. axb3 Rxd8 19. Nxb4 a5 20. Nc6 Rc8 21.
Rxd6 exf4 22. Nxa5 Rh5 23. Nc4 Ke7 24. Rd2 Ra8 25. Kd1 Bg4+ 26. Ke1 Ra1+ 27. Kf2
Nc5 28. Rd4 g5 29. h3 Rc1 30. Na3 Be6 31. Be2 Rxh1 32. Bxh5 Rxh3 33. Be2 Nd7 34.
Kg2 Rg3+ 35. Kf2 Ne5 36. b4 Ng4+ 37. Bxg4 Rxg4 38. b5 Rh4 39. b6 Rh8 40. c4 Rh2+
41. Kf3 Rxb2 42. c5 Rb3+ 43. Ke4 Re3# {White checkmated} 0-1

[Event "Team 45 45 League T56"]
[Site "Internet Chess Club"]
[Date "2013.04.01"]
[Round "6"]
[White "rubo"]
[Black "calily"]
[Result "1-0"]
[WhiteElo "1701"]
[BlackElo "1679"]
[Opening "Bird's opening"]
[ECO "A03"]
[Time "15:00:58"]
[TimeControl "2700+45"]

1. f4 d5 2. Nf3 Nf6 3. e3 g6 4. b3 Bg7 5. Bb2 O-O 6. Be2 c5 7. O-O Nc6 8. Ne5
Nxe5 9. Bxe5 b6 10. Na3 a6 11. c4 Bb7 12. Bf3 Qd7 13. cxd5 Nxd5 14. Bxg7 Kxg7
15. Nc4 b5 16. Ne5 Qc7 17. a3 Rfd8 18. Qc2 Rac8 19. Rac1 Nf6 20. Qb2 Bxf3 21.
gxf3 Qd6 22. Rc2 Kg8 23. Rfc1 Nd7 24. d4 Nxe5 25. fxe5 Qd5 26. Kf2 c4 27. bxc4
bxc4 28. Qa2 Qe6 29. Kg2 Qf5 30. Rxc4 Qg5+ 31. Kf2 Qh4+ 32. Kg1 Rb8 33. Qg2 Rb3
34. Rc8 Rxc8 35. Rxc8+ Kg7 36. Rc1 Rxa3 37. Qf2 Qg5+ 38. Kh1 Rxe3 39. f4 {Black
resigns} 1-0

[Event "Team 45 45 League T56"]
[Site "Internet Chess Club"]
[Date "2013.03.31"]
[Round "6"]
[White "bahamapapa"]
[Black "rook9999"]
[Result "0-1"]
[WhiteElo "1870"]
[BlackElo "1810"]
[Opening "Queen's pawn game"]
[ECO "E00"]
[Time "18:02:03"]
[TimeControl "2700+45"]

1. d4 Nf6 2. c4 e6 3. a3 d5 4. cxd5 exd5 5. Bg5 Be7 6. Qc2 c6 7. e3 Bg4 8. Bd3
Bh5 9. Nc3 Bg6 10. Bxg6 hxg6 11. Nf3 Nbd7 12. h3 Nb6 13. b3 Nh7 14. Bxe7 Qxe7
15. Ne5 Nd7 16. Nf3 Nhf6 17. Qd3 Rh7 18. b4 Nb6 19. Ne5 Rh8 20. Ke2 Nfd7 21.
Nxd7 Kxd7 22. b5 Nc4 23. bxc6+ bxc6 24. Rhb1 Rab8 25. Na4 f5 26. Nc5+ Kd6 27.
Kf1 Rb6 28. Na4 Rbb8 29. Nc5 Rb6 30. Na4 Rbb8 31. Ke2 Qe4 32. Nc5 Qxd3+ 33. Kxd3
Rb6 34. a4 Rhb8 35. Rxb6 axb6 36. Rb1 Ra8 37. a5 bxc5 38. dxc5+ Kxc5 39. Rb7
Rxa5 40. Rxg7 Ra2 41. Rxg6 Ne5+ {White resigns} 0-1

[Event "Team 45 45 League T56"]
[Site "Internet Chess Club"]
[Date "2013.03.27"]
[Round "6"]
[White "divy7"]
[Black "WillC"]
[Result "0-1"]
[WhiteElo "1659"]
[BlackElo "1685"]
[Opening "Sicilian defense"]
[ECO "B33"]
[Time "15:19:37"]
[TimeControl "2700+45"]

1. e4 c5 2. Nf3 Nc6 3. d4 cxd4 4. Nxd4 Nf6 5. Nc3 e6 6. a3 a6 7. Be3 Qc7 8. f3
Be7 9. Qd2 b5 10. Bd3 Bb7 11. h4 Ne5 12. Be2 Nc4 13. Bxc4 Qxc4 14. g4 b4 15.
Nce2 Rc8 16. Qd3 Qc7 17. axb4 Bxb4+ 18. c3 Bd6 19. Kd2 O-O 20. h5 Bc5 21. g5 Ne8
22. Rag1 Qb6 23. Kc2 f5 24. exf5 e5 25. h6 exd4 26. Nxd4 Bxf3 27. Nxf3 Bxe3 28.
hxg7 Nxg7 29. f6 Bxg1 30. Qxh7+ Kf7 31. Qxg7+ Ke6 32. Qe7+ Kd5 33. Qxd7+ Qd6 34.
Qb7+ Rc6 35. Rxg1 Ke4 36. Nd4 Qh2+ 37. Kb3 Rb8 38. Re1+ Kd3 39. Rd1+ Ke4 40.
Re1+ Kd5 41. Nxc6 Rxb7+ 42. Nb4+ Kd6 43. g6 Qh8 44. Rf1 a5 45. f7 Rb8 46. Rh1
Qg7 47. Rf1 axb4 48. cxb4 Ke7 49. Ka3 Qxg6 50. b3 Rf8 51. Ka4 Rxf7 52. Re1+ Kd7
53. Rd1+ Kc7 54. Rc1+ Kb6 55. b5 Ra7+ 56. Kb4 Qd6+ 57. Kc4 Rc7# {White
checkmated} 0-1

[Event "Team 45 45 League T56"]
[Site "Internet Chess Club"]
[Date "2013.03.29"]
[Round "6"]
[White "Innes"]
[Black "zigzag2002"]
[Result "0-1"]
[WhiteElo "1700"]
[BlackElo "1965"]
[Opening "Sicilian: Smith-Morra gambit"]
[ECO "B21"]
[Time "18:04:36"]
[TimeControl "2700+45"]

1. e4 c5 2. d4 cxd4 3. c3 Nf6 4. e5 Nd5 5. cxd4 d6 6. f4 dxe5 7. fxe5 Bf5 8. Nf3
Nc6 9. a3 e6 10. Bd3 Bxd3 11. Qxd3 Be7 12. O-O O-O 13. Nc3 Rc8 14. Bd2 Nb6 15.
Ne4 Qd5 16. Bh6 gxh6 17. Nf6+ Bxf6 18. exf6 Kh8 19. Kh1 Rg8 20. Rf2 e5 21. Qf5
e4 22. Ne5 Nxe5 23. dxe5 Rg5 24. Qh3 Rcg8 25. Rc1 Nc4 26. Rfc2 e3 27. b3 Nd2 28.
Rg1 Qxe5 29. Re1 Qe4 30. Rc8 Rxg2 {White resigns} 0-1